 Dungeon Crawl Stone Soup version 0.32-a0-818-gb728d0252e (webtiles) character file.

Game seed: 133945218957519186

48 Nvm9 the Trooper (level 3, -8/29 HPs)
             Began as a Demonspawn Fighter on Mar 24, 2024.
             Mangled by a gnoll
             ... wielding a +0 halberd
              (13 damage)
             ... on level 2 of the Dungeon.
             The game lasted 00:01:27 (641 turns).

Nvm9 the Trooper (Demonspawn Fighter)                Turns: 641, Time: 00:01:27

Health: -8/29      AC:  6    Str: 18    XL:     3   Next: 50%
Magic:  3/3        EV:  8    Int:  8    God:
Gold:   101        SH:  4    Dex: 12    Spells: 2/2 levels left

rFire   . . .        a - +0 war axe
rCold   . . .        c - +0 buckler
rNeg    . . .        b - +0 scale mail
rPois   .            (no helmet)
rElec   .            (no cloak)
rCorr   .            (no gloves)
SInv    .            (no boots)
Will    .....        (no amulet) Stlth
                     (no ring)
HPRegen 0.24/turn    (no ring)
MPRegen 0.08/turn

%: no passive effects
@: no status effects
A: powered by pain 1
a: no special abilities


You were on level 2 of the Dungeon.
You visited 1 branch of the dungeon, and saw 2 of its levels.

You collected 101 gold pieces.

Inventory:

Hand Weapons
 a - a +0 war axe (weapon)
Missiles
 g - 4 curare-tipped darts (quivered)
Armour
 b - a +0 scale mail (worn)
 c - a +0 buckler (worn)
Scrolls
 e - a scroll of identify
 f - a scroll of fear {unknown}
 h - a scroll of torment
Potions
 d - a potion of might


   Skills:
 + Level 3.3 Fighting
 * Level 2.6 Axes
 + Level 0.3 Throwing
 + Level 3.0 Armour
 + Level 3.0 Shields


You had 2 spell levels left.
You didn't know any spells.
Your spell library contained the following spells:

 Spells                   Type           Power      Damage    Failure   Level
 Gell's Gravitas          Tloc           0%         N/A       99%         3
 Teleport Other           Tloc           0%         N/A       99%         3
 Dispersal                Tloc           0%         N/A       100%        6


Dungeon Overview and Level Annotations

Branches:
Dungeon (2/15)

Altars:


Innate Abilities, Weirdness & Mutations

You sometimes gain a little power by taking damage.


Message History

You barely miss the gnoll.
The gnoll is almost dead.
The gnoll hits you from afar with a +0 spear.
The gnoll hits you with a +0 spear. You block the gnoll's attack.
You barely miss the gnoll.
The gnoll is almost dead.
The gnoll closely misses you. The gnoll hits you but does no damage.
You block the gnoll's attack.
You slash the gnoll!
You kill the gnoll!
You block the gnoll's attack.
The gnoll hits you from afar with a +0 spear.
The gnoll barely misses you. The gnoll hits you but does no damage.
Things that are here:
a +0 spear; a gnoll corpse You hit the gnoll.
The gnoll is moderately wounded.
The gnoll hits you but does no damage. x2
You hit the gnoll but do no damage.
The gnoll is moderately wounded.
The gnoll barely misses you. The gnoll hits you with a +0 spear.
The gnoll hits you but does no damage.
You slash the gnoll!
The gnoll is almost dead.
The gnoll hits you with a +0 spear. You block the gnoll's attack.
The gnoll hits you with a +0 spear.
You hit the gnoll.
You kill the gnoll!
The gnoll barely misses you.
Your Armour skill increases to level 3!
Your Shields skill increases to level 3!
The gnoll hits you with a +0 halberd.
The gnoll hits you from afar with a +0 spear.
* * * LOW HITPOINT WARNING * * *
You see here a +0 spear.
You barely miss the gnoll. The gnoll closely misses you.
The gnoll hits you from afar with a +0 spear.
* * * LOW HITPOINT WARNING * * *
The gnoll hits you with a +0 halberd!
You die...

g.. ..# #.# #.# #.#
#.# #.# #.### #.#
#.#.. #.# #.#.# #g#
#.#.### #g# #.#..<#
#@# ###...### #)#
..'...# #.# ###...#
#.# ###...### #.#
........# #.#
.....<#.########.####
###...#.#...).#.....#
.......#.....#.....#


You could see 2 gnolls.

Vanquished Creatures
  2 gnolls (D:2)
  7 ball pythons (D:1)
  An endoplasm (D:1)
  4 goblins
  3 hobgoblins
  A quokka (D:1)
  3 bats
  2 frilled lizards
  4 kobolds (D:1)
  2 rats (D:1)
29 creatures vanquished.

Notes
Turn   | Place    | Note
-------+----------+-------------------------------------------
     0 | D:1      | Nvm9 the Demonspawn Fighter began the quest for the Orb.
     0 | D:1      | Reached XP level 1. HP: 18/18 MP: 1/1
    80 | D:1      | Gained mutation: You sometimes gain a little power by
                  | taking damage. [demonic ancestry]
    80 | D:1      | Reached XP level 2. HP: 23/24 MP: 2/2
   584 | D:2      | Reached XP level 3. HP: 29/29 MP: 3/3
   641 | D:2      | Mangled by a gnoll

Illustrated notes

Levels and vault maps discovered:
D:1:      amcnicky_arrival_feature_with_door, layout_rooms,
          hangedman_abyss_or_decor_stabs
D:2:      layout_basic, minmay_tromino_mix6

Skill      XL: |  1  2  3 |
---------------+----------+-----
Axes           | 2 |  2.6
Armour         | 3 |  3.0
Shields        | 3 |  3.0
Fighting       | |  3.3
Throwing       | |  0.3

Action                     || total
---------------------------++-------
  Melee: War axe           ||    62
    Use: Scroll            ||     3
 Armour: Scale mail        ||    62
  Dodge: Dodged            ||    23
  Block: Buckler           ||    14

Table legend: (Time is in decaauts)
 A = Elapsed time spent in this place.
 B = Non-inter-level travel time spent in this place.
 C = Inter-level travel time spent in this place.
 D = Time resting spent in this place.
 E = Time spent auto-exploring this place.
 F = Levels seen in this place.
 G = Mean time per level.
                   A        B        C        D        E       F      G
               +--------+--------+--------+--------+--------+-----+--------+
         Total |    666 |    651 |     15 |      2 |    465 |   2 |  333.0 |
       Dungeon |    666 |    651 |     15 |      2 |    465 |   2 |  333.0 |
               +--------+--------+--------+--------+--------+-----+--------+

Top non-repeatable levels by time:
     D:1: 504 daAuts
     D:2: 162 daAuts
